 Dungeon Crawl Stone Soup version 0.27-a0-1147-gb3d8e82157 (webtiles) character file.

Game seed: 17809784159587577671

14438 Froggeryz the Basher (level 11, 0/83 HPs)
             Began as a Demonspawn Chaos Knight on May 11, 2021.
             Was a Plaything of Xom.
             Slain by a quasit (1 damage)
             ... summoned by Xom
             ... on level 2 of the Lair of Beasts.
             The game lasted 00:23:51 (14985 turns).

Froggeryz the Basher (Demonspawn Chaos Knight)     Turns: 14985, Time: 00:23:52

Health: 0/83       AC: 10    Str: 15      XL:     11   Next: 88%
Magic:  13/13      EV: 16    Int: 10 (11) God:    Xom [......]
Gold:   1352       SH:  6    Dex: 14      Spells: 10/10 levels left

rFire    + . .     SeeInvis +   C - +0 flail (protect)
rCold    . . .     Faith    .   H - +0 buckler
rNeg     . . .     Spirit   .   n - +0 scale mail
rPois    .         Reflect  .   I - +0 hat {Stlth+}
rElec    .         Harm     .   (no cloak)
rCorr    .         Rampage  .   w - +1 pair of gloves
Will     .....                  d - +0 pair of boots
Stlth    +.........             (no amulet)
HPRegen  0.23/turn              b - ring of see invisible
MPRegen  0.13/turn              f - +4 ring of evasion

@: lethally poisoned (0 -> -14)
A: hooves 1, repulsion field 2, ignite blood 2, powered by death 2, dopey 1,
fire resistance 1, high mp 2, mutation resistance 2, wild magic 2, MP-powered
wands
a: Renounce Religion


You were on level 2 of the Lair of Beasts.
You worshipped Xom.
You were a very special plaything of Xom.
You visited 2 branches of the dungeon, and saw 12 of its levels.

You collected 1352 gold pieces.

Inventory:

Hand Weapons
 a - a +0 mace of chaos
 A - a +0 whip of freezing
 C - a +0 flail of protection (weapon)
Missiles
 g - 55 poisoned darts (quivered)
 h - 2 throwing nets
 u - 5 boomerangs of dispersal
Armour
 d - a +0 pair of boots (worn)
 n - a +0 scale mail (worn)
 w - a +1 pair of gloves (worn)
 y - a +2 kite shield
 H - a +0 buckler (worn)
 I - a +0 hat of stealth (worn)
Jewellery
 b - a ring of see invisible (left hand)
 f - a +4 ring of evasion (right hand)
 J - an amulet of magic regeneration
Wands
 i - a wand of paralysis (3)
 D - a wand of flame (14)
 F - a wand of charming (2)
 G - a wand of iceblast (10)
Scrolls
 c - 3 scrolls of enchant armour
 e - a scroll of silence
 j - 2 scrolls of enchant weapon
 k - a scroll of immolation {unknown}
 o - 3 scrolls of torment
 q - 2 scrolls of fog
 s - 3 scrolls of magic mapping
 x - 4 scrolls of teleportation
 E - 2 scrolls of holy word
 K - 2 scrolls of amnesia
Potions
 m - 2 potions of berserk rage
 p - 2 potions of attraction {unknown}
 r - 2 potions of cancellation {unknown}
 t - 4 potions of haste {unknown}
 v - 3 potions of flight {unknown}
 B - 3 potions of mutation


   Skills:
 + Level 6.6 Fighting
 - Level 14.1 Maces & Flails
 - Level 5.2 Armour
 - Level 0.8 Dodging
 - Level 7.4 Shields


You had 10 spell levels left.
You didn't know any spells.
Your spell library contained the following spells:

 Spells                   Type           Power      Damage    Failure   Level
 Shock                    Conj/Air       0%         1d3       90%         1
 Static Discharge         Conj/Air       0%         N/A       96%         2
 Swiftness                Air            0%         N/A       99%         3
 Airstrike                Air            0%         N/A       100%        4
 Lightning Bolt           Conj/Air       0%         1d11      100%        5


Dungeon Overview and Level Annotations

Branches:
Dungeon (10/15)            Temple (0/1) D:6            Lair (2/6) D:10
  Swamp: Lair:2-4    Shoals: Lair:2-4     Snake: Lair:2-4    Spider: Lair:2-4
    Orc: D:9-12

Altars:
Xom
The Shining One

Shops:
D:9 (


Innate Abilities, Weirdness & Mutations

You have large cloven feet.
You are surrounded by a moderate repulsion field. (EV +3)
Your demonic aura often causes spilled blood to erupt in flames.
You regenerate health from kills.
You are dopey. (Int -2)
Your flesh is heat resistant. (rF+)
You have a considerably increased reservoir of magic. (+20% MP)
You are somewhat resistant to both further mutation and mutation removal.
Your spells are harder to cast, but more powerful.
You expend magic power (3 MP) to strengthen your wands.


Message History

* * * LOW HITPOINT WARNING * * *
Okay, then.
You feel better.
The sixfirhy is engulfed in blazing flames.
You block the sixfirhy's attack.
The sixfirhy is engulfed in blazing flames.
The sixfirhy closely misses you.
The sixfirhy is engulfed in blazing flames. x2
The quasit closely misses you. The quasit barely misses you.
The quasit misses you.
The sixfirhy is engulfed in blazing flames.
The cane toad stings you!!
* * * LOW HITPOINT WARNING * * *
Your body deteriorates!
You feel dopey. You block the crimson imp's attack.
Okay, then.
Okay, then.
Okay, then.
Okay, then.
You feel better.
The sixfirhy is engulfed in blazing flames. x5
The bullfrog barely misses you.
The quasit bites you but does no damage.
You block the quasit's attack. The quasit misses you.
The sixfirhy is engulfed in blazing flames.
The cane toad stings you.
* * * LOW HITPOINT WARNING * * *
You are lethally poisoned!
The cane toad poisons you! The bullfrog closely misses you.
The sixfirhy is engulfed in blazing flames.
You kill the sixfirhy!
The crimson imp misses you.
It was a potion of mutation.
You feel extremely strange.
You feel healthier.
You feel more in control of your magic.
* * * LOW HITPOINT WARNING * * *
You feel very sick. You block the sixfirhy's attack.
The sixfirhy barely misses you. The quasit bites you.
You die...
Xom cackles wildly!

..........#
.....!....#
..........
..........
.........####
............#
.......#5..#
......5F4..##
......F@3...#
...#.#○.5..##
.........###
..........#
..........#
..........#
.......>...#
...........#
...........#


You could see a rust devil (summoned), a cane toad (agile), a sixfirhy
(summoned), a bullfrog, an iron imp (summoned), a quasit (summoned) and a
crimson imp (summoned).

Vanquished Creatures
  Snorg (D:10)
  A hydra (Lair:1)
  A two-headed ogre (D:9)
  A tengu warrior (D:10)
  A sea snake (D:9)
  Pikel (D:7)
  A black mamba (Lair:1)
  5 elephants (Lair:1)
  3 cane toads
  2 komodo dragons
  2 trolls
  A hornet (D:9)
  A tyrant leech (D:9)
  7 blink frogs (Lair:1)
  A slime creature (D:10)
  A dream sheep (shapeshifter) (D:6)
  A redback (D:9)
  A wraith (D:9)
  2 wyverns
  Eustachio (D:5)
  Menkaure (D:6)
  2 acid dragons (D:10)
  5 water moccasins
  A black bear (D:8)
  3 orc warriors
  An ice beast (D:6)
  An ogre (D:6)
  3 centaurs
  3 bullfrogs (Lair:1)
  A scorpion (D:5)
  A gnoll sergeant (D:7)
  A wyvern zombie (D:5)
  A water moccasin zombie (D:5)
  2 wyvern skeletons (D:6)
  10 killer bees
  3 centaur zombies
  A hound (D:6)
  3 jellies
  4 orc priests
  A centaur skeleton (D:6)
  2 bullfrog skeletons (D:7)
  2 gnoll shamans
  3 orc wizards
  A killer bee zombie (D:8)
  3 adders
  18 gnolls
  A shadow imp (D:6)
  2 worms
  2 dart slugs
  14 orcs
  6 ball pythons
  5 bats (D:1)
  5 endoplasms
  6 giant cockroaches
  6 goblins
  3 hobgoblins
  6 jackals
  6 kobolds
  2 quokkas
  5 frilled lizards
  A rat (D:1)
182 creatures vanquished.

Vanquished Creatures (collateral kills)
  A two-headed ogre (D:8)
  A hornet zombie (D:6)
  An ogre (D:4)
  4 lemures (D:7)
  A scorpion (D:5)
  A killer bee (D:9)
  An iguana (D:5)
  2 gnolls (D:9)
  An orc (D:9)
13 creatures vanquished.

Vanquished Creatures (others)
  A gnoll sergeant (D:9)
  A fungus (Lair:1)
  A plant (D:9)
3 creatures vanquished.

Grand Total: 198 creatures vanquished

Notes
Turn   | Place    | Note
-------+----------+-------------------------------------------
     0 | D:1      | Froggeryz the Demonspawn Chaos Knight began the quest for
                  | the Orb.
     0 | D:1      | Reached XP level 1. HP: 18/18 MP: 1/1
    54 | D:1      | Found a faded altar of an unknown god.
    64 | D:1      | Reached skill level 3 in Maces & Flails
   192 | D:1      | Gained mutation: You regenerate a little health from kills.
                  | [demonic ancestry]
   192 | D:1      | Reached XP level 2. HP: 21/24 MP: 2/2
   240 | D:1      | XOM: potion effect (might)
   378 | D:1      | Reached XP level 3. HP: 29/29 MP: 3/3
   779 | D:2      | Reached skill level 4 in Maces & Flails
   952 | D:2      | XOM: smoke on damage
  1280 | D:2      | XOM: chaos upgrade
  1505 | D:2      | XOM: 3-stop teleportation journey
  1823 | D:3      | XOM: 7-stop teleportation journey
  1829 | D:3      | Gained mutation: Your demonic aura sometimes causes spilled
                  | blood to erupt in flames. [demonic ancestry]
  1829 | D:3      | Reached XP level 4. HP: 32/35 MP: 4/4
  1846 | D:3      | XOM: 1-stop teleportation journey
  1850 | D:3      | XOM: divination: magic mapping
  2184 | D:3      | XOM: god gift: wand of mindburst (11)
  2514 | D:3      | XOM: god gift: 3 fizzy ruby potions {god gift}
  2658 | D:4      | XOM: give mutations
  2658 | D:4      | Gained mutation: Your flesh is heat resistant. (rF+) [Xom's
                  | grace]
  2658 | D:4      | Gained mutation: You are agile. (Dex +2) [Xom's grace]
  2762 | D:4      | Noticed an ogre
  2778 | D:4      | Killed an ogre
  2779 | D:4      | Reached skill level 5 in Maces & Flails
  2779 | D:4      | Gained mutation: You regenerate health from kills. [demonic
                  | ancestry]
  2779 | D:4      | Reached XP level 5. HP: 41/41 MP: 5/5
  2812 | D:4      | XOM: god gift: staff of death
  3495 | D:5      | Entered Level 5 of the Dungeon
  3509 | D:5      | XOM: summons 5 friendly demons
  3663 | D:5      | XOM: 1-stop teleportation journey
  3764 | D:5      | Noticed Eustachio
  3766 | D:5      | XOM: noise
  3769 | D:5      | XOM: summons friendly shadow imp
  3779 | D:5      | Killed Eustachio
  3780 | D:5      | Reached skill level 6 in Maces & Flails
  3780 | D:5      | Gained mutation: You are surrounded by a mild repulsion
                  | field. (EV +2) [demonic ancestry]
  3780 | D:5      | Reached XP level 6. HP: 18/47 MP: 6/6
  4188 | D:5      | Noticed a water moccasin
  4197 | D:5      | Killed a water moccasin
  4198 | D:5      | Reached XP level 7. HP: 35/52 MP: 7/7
  4432 | D:5      | Reached skill level 7 in Maces & Flails
  4493 | D:5      | XOM: draining
  4904 | D:5      | XOM: noise
  5044 | D:6      | Noticed Menkaure
  5047 | D:6      | XOM: butterfly on damage
  5048 | D:6      | XOM: confusion (+ monsters)
  5052 | D:6      | XOM: polymorph butterfly -> sky beast
  5066 | D:6      | Killed Menkaure
  5359 | D:6      | XOM: summons 4 hostile shadow creatures
  5643 | D:6      | Found a staircase to the Ecumenical Temple.
  5648 | D:6      | XOM: confusion
  5649 | D:6      | XOM: enchant monster (bad)
  5653 | D:6      | XOM: chaos cloud
  5662 | D:6      | XOM: 1-stop teleportation journey
  5955 | D:6      | XOM: summons 2 hostile shadow creatures
  5956 | D:6      | Noticed a vampire mosquito
  5956 | D:6      | Noticed a vampire mosquito
  6245 | D:6      | Reached skill level 8 in Maces & Flails
  6245 | D:6      | Gained mutation: Your demonic aura often causes spilled
                  | blood to erupt in flames. [demonic ancestry]
  6245 | D:6      | Reached XP level 8. HP: 58/58 MP: 8/8
  6248 | D:6      | XOM: torment (30/58 hp)
  6447 | D:6      | XOM: enchant monster (bad)
  6461 | D:6      | XOM: noise
  6487 | D:6      | XOM: confusion
  6488 | D:6      | Noticed a glowing shapeshifter
  6488 | D:6      | a hound changed into a glowing shapeshifter
  6488 | D:6      | XOM: polymorph hound -> glowing shapeshifter
  6488 | D:6      | Noticed a glowing orange brain
  6488 | D:6      | a glowing shapeshifter changed into a glowing orange brain
  6489 | D:6      | Noticed a dream sheep
  6489 | D:6      | a glowing orange brain changed into a dream sheep
  6495 | D:6      | Noticed a torpor snail
  6495 | D:6      | a dream sheep changed into a torpor snail
  6499 | D:6      | Noticed a dream sheep
  6499 | D:6      | a torpor snail changed into a dream sheep
  6501 | D:6      | Killed a dream sheep
  6502 | D:6      | XOM: give mutation
  6502 | D:6      | Gained mutation: You have an increased reservoir of magic.
                  | (+10% MP) [Xom's mischief]
  6505 | D:6      | XOM: confuse monster(s)
  6509 | D:6      | Reached skill level 5 in Armour
  6559 | D:6      | XOM: silly message
  7114 | D:6      | Reached skill level 9 in Maces & Flails
  7199 | D:6      | XOM: divination: detect items
  7316 | D:7      | XOM: silly message
  7332 | D:7      | XOM: confuse monster(s)
  7413 | D:7      | XOM: noise
  7442 | D:7      | XOM: potion effect (invisibility)
  7446 | D:7      | Noticed Pikel
  7457 | D:7      | XOM: summons 4 friendly demons
  7509 | D:7      | XOM: enchant monster (good)
  7516 | D:7      | XOM: cloud trail
  7521 | D:7      | Killed Pikel
  7522 | D:7      | Gained mutation: You have large cloven feet. [demonic
                  | ancestry]
  7522 | D:7      | Reached XP level 9. HP: 47/66 MP: 9/9
  7685 | D:7      | Reached skill level 10 in Maces & Flails
  7704 | D:7      | XOM: silly message
  8076 | D:7      | XOM: summons friendly ufetubus
  8173 | D:7      | You fall into a shaft and drop 3 floors!
  8173 | D:10     | Entered Level 10 of the Dungeon
  8219 | D:10     | Noticed a troll
  8243 | D:10     | Killed a troll
  8244 | D:10     | Reached skill level 5 in Fighting
  8260 | D:9      | Found a runed translucent door.
  8384 | D:8      | XOM: give mutations
  8384 | D:8      | Lost mutation: You are agile. (Dex +2) [Xom's mischief]
  8384 | D:8      | Gained mutation: You are dopey. (Int -2) [Xom's mischief]
  8403 | D:7      | XOM: give mutations
  8403 | D:7      | Gained mutation: You are frail. (-10% HP) [Xom's mischief]
  8403 | D:7      | Gained mutation: You evolve. [Xom's mischief]
  8403 | D:7      | Lost mutation: You evolve. [Xom's mischief]
  8403 | D:7      | Gained mutation: Your body sometimes deteriorates upon
                  | taking damage. [Xom's mischief]
  8540 | D:7      | XOM: give mutations
  8540 | D:7      | Gained mutation: Your spells are a little harder to cast,
                  | but a little more powerful. [Xom's grace]
  8540 | D:7      | Gained mutation: You are somewhat resistant to further
                  | mutation. [Xom's grace]
  8540 | D:7      | Gained mutation: Your spells are harder to cast, but more
                  | powerful. [Xom's grace]
  8540 | D:7      | Gained mutation: Your spells are much harder to cast, but
                  | much more powerful. [Xom's grace]
  8764 | D:7      | XOM: noise
  8872 | D:8      | Reached skill level 1 in Shields
  9002 | D:8      | XOM: 2-stop teleportation journey
  9165 | D:8      | Noticed a two-headed ogre
  9169 | D:8      | XOM: blink monster(s)
  9173 | D:8      | XOM: enchant monster (good)
  9183 | D:8      | Killed a two-headed ogre
  9184 | D:8      | Reached skill level 11 in Maces & Flails
  9184 | D:8      | Reached XP level 10. HP: 13/66 MP: 11/11
  9336 | D:8      | XOM: 1-stop teleportation journey
  9343 | D:8      | XOM: chaos cloud
  9367 | D:8      | XOM: give mutations
  9367 | D:8      | Lost mutation: Your spells are much harder to cast, but
                  | much more powerful. [Xom's mischief]
  9367 | D:8      | Lost mutation: You are frail. (-10% HP) [Xom's mischief]
  9395 | D:8      | XOM: noise
  9470 | D:8      | XOM: summons 3 hostile demons
 10200 | D:8      | XOM: summons 3 hostile shadow creatures
 10267 | D:7      | XOM: give mutations
 10267 | D:7      | Gained mutation: Your body often deteriorates upon taking
                  | damage. [Xom's mischief]
 10267 | D:7      | Lost mutation: Your body often deteriorates upon taking
                  | damage. [Xom's mischief]
 10542 | D:9      | Found Nane Use's Hydra Hut.
 10542 | D:9      | XOM: 8-stop teleportation journey
 10594 | D:9      | Paralysed by a hornet for 2 turns
 10768 | D:9      | XOM: give mutations
 10768 | D:9      | Gained mutation: You have a considerably increased
                  | reservoir of magic. (+20% MP) [Xom's grace]
 10768 | D:9      | Gained mutation: Your spells are much harder to cast, but
                  | much more powerful. [Xom's grace]
 10768 | D:9      | Gained mutation: You expend magic power (3 MP) to
                  | strengthen your wands. [Xom's grace]
 10911 | D:9      | Noticed a two-headed ogre
 10912 | D:9      | XOM: cast spell 'Olgreb's Toxic Radiance'
 10918 | D:9      | Killed a two-headed ogre
 10919 | D:9      | Reached skill level 5 in Shields
 10925 | D:9      | Noticed a four-headed hydra
 11227 | D:9      | XOM: cloud trail
 11338 | D:9      | Noticed a torpor snail
 11338 | D:9      | a redback changed into a torpor snail
 11338 | D:9      | XOM: polymorph redback -> torpor snail
 11352 | D:9      | Noticed a sea snake
 11352 | D:9      | a torpor snail changed into a sea snake
 11352 | D:9      | XOM: polymorph torpor snail -> sea snake
 11360 | D:9      | Killed a sea snake
 11361 | D:9      | Reached skill level 12 in Maces & Flails
 11666 | D:9      | Noticed a boulder beetle
 11690 | D:9      | XOM: butterfly on damage
 11698 | D:9      | a boulder beetle changed into a tyrant leech
 11698 | D:9      | XOM: polymorph boulder beetle -> tyrant leech
 12084 | D:10     | Noticed Snorg
 12096 | D:10     | Killed Snorg
 12163 | D:10     | XOM: cloud trail
 12180 | D:10     | Noticed a tengu warrior
 12191 | D:10     | HP: 1/74 [acid (11)]
 12246 | D:9      | XOM: god gift: 555 gold pieces
 12511 | D:10     | XOM: give mutation
 12511 | D:10     | Gained mutation: You are somewhat resistant to both further
                  | mutation and mutation removal. [Xom's grace]
 12522 | D:10     | Found a staircase to the Lair.
 12536 | D:10     | XOM: cloud trail
 12594 | D:10     | XOM: silly message
 12627 | D:10     | Gained mutation: You are surrounded by a moderate repulsion
                  | field. (EV +3) [demonic ancestry]
 12627 | D:10     | Reached XP level 11. HP: 58/80 MP: 13/13
 12719 | D:10     | Killed a tengu warrior
 12753 | D:10     | XOM: divination: magic mapping
 12855 | D:10     | XOM: silly message
 13125 | Lair:1   | Entered Level 1 of the Lair of Beasts
 13224 | Lair:1   | XOM: divination: detect items
 13636 | Lair:1   | XOM: scenery: summon butterflies
 13648 | Lair:1   | XOM: confusion (+ monsters)
 13679 | Lair:1   | Reached skill level 13 in Maces & Flails
 13692 | Lair:1   | XOM: blink monster(s)
 13941 | Lair:1   | Noticed a four-headed hydra
 13946 | Lair:1   | XOM: 1-stop teleportation journey
 13962 | Lair:1   | Killed a four-headed hydra
 13964 | Lair:1   | XOM: noise
 14108 | Lair:1   | Reached skill level 14 in Maces & Flails
 14236 | Lair:1   | Found the +4 Cigotuvi's embrace {rMiasma Drain rN+}
 14310 | Lair:1   | XOM: polymorph water moccasin -> jelly
 14965 | Lair:2   | XOM: enchant monster (bad)
 14977 | Lair:2   | XOM: summons 6 hostile demons
 14978 | Lair:2   | Noticed a sixfirhy
 14978 | Lair:2   | Noticed a sixfirhy
 14983 | Lair:2   | HP: 4/83 [cane toad (18)]
 14985 | Lair:2   | Lost mutation: Your body sometimes deteriorates upon taking
                  | damage. [potion of mutation]
 14985 | Lair:2   | Lost mutation: Your spells are much harder to cast, but
                  | much more powerful. [potion of mutation]
 14985 | Lair:2   | HP: 1/83 [poisoned by a cane toad]
 14985 | Lair:2   | Slain by a quasit

Illustrated notes

Levels and vault maps discovered:
D:1:      psy_arrival_whirlpool, layout_basic,
          hellmonk_ecumenical_altar_arch_garden
D:2:      layout_loops_ring
D:3:      layout_basic, amcnicky_altar_gilded, minmay_misc_feat_cross
D:4:      layout_cave_pods
D:5:      layout_basic, uniq_eustachio
D:6:      layout_loops_ring, temple_fountains, uniq_menkaure
D:7:      layout_basic, minmay_fountain_box, kennysheep_nondescript,
          kennysheep_decorative_pillar, uniq_pikel
D:8:      layout_loops_ring, nrook_loot_triangle
D:9:      gammafunk_indiana_jones, layout_rooms, doesnt_shop_hydraphobe
D:10:     layout_cave_pools, lair_entry_dummy, minmay_checkerbox, uniq_snorg
Lair:1:   layout_hall_layers, st_stairs_6
Lair:2:   kb_forest_paths, layout_cave_shapes, lemuel_fruit_tree

Skill      XL: |  1  2  3  4  5  6  7  8  9 10 11 |
---------------+----------------------------------+-----
Maces & Flails | 3 4 5 6 8 9 11 12 14 | 14.1
Armour         | 2 3 4 5 |  5.2
Fighting       | 4 5 6 |  6.6
Shields        | 3 6 7 |  7.4
Dodging        | |  0.8

Action                   |  1- 3 |  4- 6 |  7- 9 | 10-12 || total
-------------------------+-------+-------+-------+-------++-------
Melee: Mace              |   103 |    66 |    98 |       ||   267
       Flail             |       |    31 |   184 |   418 ||   633
       Whip              |       |       |    20 |       ||    20
Throw: Dart              |       |     7 |    35 |     4 ||    46
Evoke: Wand              |       |       |     8 |    28 ||    36
  Use: Scroll            |       |     8 |     3 |     6 ||    17
       Potion            |       |     1 |     6 |     5 ||    12
 Stab: Paralysed         |     1 |       |     4 |    27 ||    32
       Invisible         |       |       |    16 |       ||    16
       Petrified         |       |       |     5 |       ||     5
       Confused          |       |       |     2 |     2 ||     4
Armor: Leather armour    |    51 |    44 |       |       ||    95
       Scale mail        |       |     4 |   103 |   134 ||   241
       Skin              |       |       |    53 |       ||    53
Dodge: Dodged            |    57 |    61 |   215 |   295 ||   628
Block: Buckler           |       |       |       |    71 ||    71

Table legend: (Time is in decaauts)
 A = Elapsed time spent in this place.
 B = Non-inter-level travel time spent in this place.
 C = Inter-level travel time spent in this place.
 D = Time resting spent in this place.
 E = Time spent auto-exploring this place.
 F = Levels seen in this place.
 G = Mean time per level.
                   A        B        C        D        E       F      G
               +--------+--------+--------+--------+--------+-----+--------+
         Total |  14953 |  14567 |    386 |   3516 |   8732 |  12 | 1246.1 |
       Dungeon |  13139 |  12803 |    336 |   3194 |   7563 |  10 | 1313.9 |
          Lair |   1813 |   1763 |     50 |    322 |   1169 |   2 |  906.5 |
               +--------+--------+--------+--------+--------+-----+--------+

Top non-repeatable levels by time:
     D:5: 1999 daAuts
     D:9: 1903 daAuts
     D:7: 1852 daAuts
     D:6: 1738 daAuts
  Lair:1: 1608 daAuts
     D:8: 1259 daAuts
     D:2: 934 daAuts
     D:4: 914 daAuts
     D:3: 898 daAuts
    D:10: 850 daAuts
     D:1: 788 daAuts
  Lair:2: 205 daAuts
